 Dungeon Crawl Stone Soup version 0.28.0-47-ge53b351184 (webtiles) character file.

Game seed: 3644395430193581615

20 hawla the Ducker (level 2, 0/14 HPs)
             Began as a Felid Monk on May 7, 2022.
             Slain by a goblin
             ... wielding a +0 dagger
             ... led by Robin
              (4 damage)
             ... on level 2 of the Dungeon.
             The game lasted 00:00:54 (1091 turns).

hawla the Ducker (Felid Monk)                       Turns: 1091, Time: 00:00:55

Health: 0/14       AC:  1    Str:  7    XL:     2   Next: 58%
Magic:  3/3        EV: 19    Int: 11    God:
Gold:   75         SH:  0    Dex: 18    Spells: 1/1 levels left
                                        Lives:  0   Deaths: 0

rFire   . . .      SeeInvis +     - Unarmed
rCold   . . .      Faith    .   (shield unavailable)
rNeg    . . .      Spirit   .   (armour unavailable)
rPois   .          Reflect  .   (helmet unavailable)
rElec   .          Harm     .   (cloak unavailable)
rCorr   .          Rampage  .   (gloves unavailable)
Will    .....                   (boots unavailable)
Stlth   +++.......              (no amulet)
HPRegen 0.04/turn               (no ring)
MPRegen 0.08/turn               (no ring)

@: quick
A: very small, claws 1, fangs 3, see invisible, speed 1, shaggy fur 1, stealthy
paws, no weapons or thrown items, no armour, multi-lived
a: no special abilities


You were on level 2 of the Dungeon.
You visited 1 branch of the dungeon, and saw 2 of its levels.

You collected 75 gold pieces.

Inventory:

Scrolls
 e - a scroll of fear {unknown}
Potions
 a - a potion of invisibility {unknown}
 b - a potion of haste {unknown}
 c - a potion of curing {unknown}
 d - a potion of heal wounds {unknown}


   Skills:
 + Level 3.2 Fighting
 + Level 4.3 Dodging
 + Level 3.1 Stealth
 + Level 3.3 Unarmed Combat


You had one spell level left.
You didn't know any spells.
Your spell library was empty.

Dungeon Overview and Level Annotations

Branches:
Dungeon (2/15)

Altars:

Annotations:
D:2 Robin


Innate Abilities, Weirdness & Mutations

You have sharp claws.
You have razor-sharp teeth.
You have supernaturally acute eyesight. (SInv)
You cover ground quickly. (Speed+)
You are covered in fur. (AC +1)
Your paws help you pounce on unaware monsters.
You are incapable of wielding weapons or throwing items.
You cannot wear armour.
You gain extra lives every three experience levels.


Message History

d - a green potion
e - a scroll labelled BOEKLI WIRED You see here 3 poisoned darts.
You see here a +0 leather armour.
Key pressed, stopping explore.
You enter the shallow water.
Moving in this stuff is going to be slow.
Done exploring.
Done exploring.
(D) Dungeon
Where to? (? - help)
What level of the Dungeon? (default 1, ? - help)
There is a stone staircase leading down here.
You climb downwards.
The goblin shouts!
The hobgoblin shouts!
The goblin shouts! x3
The hobgoblin shouts!
The goblin shouts! x2
Found a dagger and a ring mail.
Found a stone staircase leading up.
There is a stone staircase leading up here.
There are monsters nearby!
A goblin comes into view. It is wielding a +0 club.
A hobgoblin comes into view.
The goblin misses you.
You climb upwards.
There is a stone staircase leading down here.
You scratch the goblin.
You kill the goblin!
You climb downwards.
Level annotation: Robin The goblin hits you with a +0 dagger.
The hobgoblin hits you. Robin throws the goblin at you! The goblin misses you.
A ball python comes into view.
The hobgoblin closely misses you.
There is a stone staircase leading up here.
The ball python hisses angrily.
The goblin completely misses you. The hobgoblin closely misses you.
Robin throws the goblin at you! The goblin barely misses you.
The goblin hits you with a +0 dagger.
* * * LOW HITPOINT WARNING * * *
The goblin hits you with a +0 dagger.
You die...

#...#... ##
#..g. .##..
#..g......#
#.g.....#..
#.g.#....
##.[gg..# .
#..ggg.#....
#@g....#
#....gg#...#
#...##..<..
.# #.
....#...
###.#..##..
#.#.## .
#.... #....#


You could see Robin, 3 hobgoblins and 8 goblins.

Vanquished Creatures
  3 ball pythons (D:1)
  4 bats (D:1)
  2 goblins (D:1)
  2 jackals (D:1)
  2 quokkas (D:1)
  3 kobolds (D:1)
  4 rats (D:1)
20 creatures vanquished.

Notes
Turn   | Place    | Note
-------+----------+-------------------------------------------
     0 | D:1      | hawla the Felid Monk began the quest for the Orb.
     0 | D:1      | Reached XP level 1. HP: 10/10 MP: 2/2
   180 | D:1      | Found a faded altar of an unknown god.
   315 | D:1      | Reached XP level 2. HP: 13/14 MP: 3/3
  1083 | D:2      | Noticed Robin
  1091 | D:2      | Slain by a goblin

Illustrated notes

Levels and vault maps discovered:
D:1:      ebering_trefoil_twist, layout_loops_ring,
          ebering_ecumenical_altar_mist, chequers_serial_rivers_marsh
D:2:      minmay_wonky_spiral, layout_rooms, basic_altar, uniq_robin,
          uniq_terence

Skill      XL: |  1  2 |
---------------+-------+-----
Stealth        | 3 |  3.1
Fighting       | |  3.2
Dodging        | |  4.3
Unarmed Combat | |  3.3

Action                   || total
-------------------------++-------
Melee: Unarmed           ||    48
       Bite              ||     1
 Stab: Sleeping          ||     5
Armor: Skin              ||     1
Dodge: Dodged            ||    36
